TOP OF THE 1ST |
Great Falls Voyagers batting - Pitching for Fargo Brewmasters : RHP Alex Maldonado
|
Pitching: RHP Alex Maldonado
|
|
Batting: LHB Jose Fernandez
|
0-0: Called Strike 0-1: Foul Ball, location: 2F 0-2: Foul Ball, location: 2F 0-2: Ball 1-2: Ball 2-2: Ball 3-2: Strikes out looking
|
Batting: LHB Juan Villaescusa
|
0-0: Ball 1-0: Ground out 4-3 (Groundball, 4, EV 103.8 MPH)
|
Batting: RHB Johnny Paredes
|
0-0: Foul Ball, location: 2F 0-1: SINGLE (Line Drive, 3D, EV 98.1 MPH)
|
Batting: RHB Jose Gomez
|
0-0: Foul Ball, location: 2F 0-1: Called Strike 0-2: Ball 1-2: SINGLE (Popup, 4D, EV 56.9 MPH) Johnny Paredes to second Runner from 2nd tries for 3rd, SAFE, no throw by 2B
|
Batting: SHB John Kanter
|
0-0: Called Strike 0-1: Fly out, F5 (Flyball, 5D, EV 87.5 MPH)
|
Top of the 1st over - 0 runs, 2 hits, 0 errors, 2 left on base; Great Falls 0 - Fargo 0 |
BOTTOM OF THE 1ST |
Fargo Brewmasters batting - Pitching for Great Falls Voyagers : LHP Randy Newman
|
Pitching: LHP Randy Newman
|
|
Batting: SHB Angel Escobar
|
0-0: Ball 1-0: Foul Ball, location: 2F 1-1: Foul Ball, location: 2F 1-2: Foul Ball, location: 2F 1-2: SINGLE (Groundball, 56, EV 91.9 MPH) (infield hit)
|
Batting: LHB Victor Fernandez
|
0-0: Ball 1-0: Ball Wild Pitch! Angel Escobar to second 2-0: Ball 3-0: Called Strike 3-1: Called Strike 3-2: SINGLE (Line Drive, 8RS, EV 95.0 MPH) Angel Escobar to third
|
Batting: RHB Forace Oxendine
|
0-0: Foul Ball, location: 2F 0-1: Ball 1-1: Ball Victor Fernandez is caught stealing 2nd base 2-4 2-1: Foul Ball, location: 2F 2-2: Fly out, F9 (Line Drive, 9D, EV 89.4 MPH) Runner from 3rd tags up, SCORES, no throw by RF
|
Batting: RHB Dick E Scott
|
0-0: Called Strike 0-1: Swinging Strike 0-2: Strikes out looking
|
Bottom of the 1st over - 1 run, 2 hits, 0 errors, 0 left on base; Great Falls 0 - Fargo 1 |
TOP OF THE 2ND |
Great Falls Voyagers batting - Pitching for Fargo Brewmasters : RHP Alex Maldonado
|
Batting: SHB Gerald Young
|
0-0: Swinging Strike 0-1: Called Strike 0-2: Ball 1-2: Strikes out swinging
|
Batting: LHB John Yari
|
0-0: Ball 1-0: SINGLE (Groundball, 34D, EV 98.8 MPH)
|
Batting: RHB Anthony Notaroberto
|
0-0: Ball 1-0: Fielders Choice at 2nd, 4-6 (Groundball, 4, EV 103.1 MPH)
|
Batting: RHB Harvey Wilkerson
|
0-0: Called Strike 0-1: Ball Anthony Notaroberto steals 2nd base 1-1: Ground out 6-3 (Groundball, 56, EV 108.8 MPH)
|
Top of the 2nd over - 0 runs, 1 hit, 0 errors, 1 left on base; Great Falls 0 - Fargo 1 |
BOTTOM OF THE 2ND |
Fargo Brewmasters batting - Pitching for Great Falls Voyagers : LHP Randy Newman
|
Batting: RHB Gus Polidor
|
0-0: SINGLE (Groundball, 4MD, EV 106.3 MPH)
|
Batting: RHB Juan Picart
|
0-0: Foul Ball, location: 2F 0-1: Fielders Choice at 2nd, 2-4 (Groundball, 2L, EV 70.6 MPH)
|
Batting: LHB Nunzio Bartoli
|
Pickoff Throw to First - Error! E1 Juan Picart to second 0-0: Fly out, F8 (Flyball, 8LD, EV 101.3 MPH)
|
Batting: RHB Adolph Crump
|
0-0: Ground out 6-3 (Groundball, 6M, EV 86.9 MPH)
|
Bottom of the 2nd over - 0 runs, 1 hit, 1 error, 1 left on base; Great Falls 0 - Fargo 1 |
TOP OF THE 3RD |
Great Falls Voyagers batting - Pitching for Fargo Brewmasters : RHP Alex Maldonado
|
Batting: LHB Jose Fernandez
|
0-0: Called Strike 0-1: Foul Ball, location: 2F 0-2: Ball 1-2: SINGLE (Line Drive, 4MD, EV 101.9 MPH)
|
Batting: LHB Juan Villaescusa
|
0-0: Ball 1-0: Called Strike 1-1: DOUBLE (Groundball, 3L, EV 94.4 MPH) Jose Fernandez to third Runner from 3rd tries for Home, SAFE, throw by RF to trailing runner, SAFE at third!
|
Batting: RHB Johnny Paredes
|
0-0: Called Strike 0-1: Fly out, F8 (Flyball, 8RM, EV 80.6 MPH) Runner from 3rd tags up, OUT at HOME! 8-2
|
Batting: RHB Jose Gomez
|
0-0: SINGLE (Groundball, 4D, EV 95.0 MPH)
|
Batting: SHB John Kanter
|
0-0: Ball 1-0: Ball 2-0: Fielders Choice at 2nd, 6-4 (Groundball, 6, EV 85.0 MPH)
|
Top of the 3rd over - 1 run, 3 hits, 0 errors, 1 left on base; Great Falls 1 - Fargo 1 |
BOTTOM OF THE 3RD |
Fargo Brewmasters batting - Pitching for Great Falls Voyagers : LHP Randy Newman
|
Batting: RHB Randall Thorpe
|
0-0: Fly out, F9 (Line Drive, 9, EV 94.4 MPH)
|
Batting: SHB Angel Escobar
|
0-0: Ball 1-0: Ball 2-0: Called Strike 2-1: Foul Ball, location: 2F 2-2: Foul Ball, location: 2F 2-2: Strikes out swinging
|
Batting: LHB Victor Fernandez
|
0-0: SINGLE (Groundball, 4MD, EV 103.8 MPH)
|
Batting: RHB Forace Oxendine
|
0-0: Called Strike 0-1: Ball 1-1: Ball 2-1: Fly out, F9 (Flyball, 9LD, EV 94.4 MPH)
|
Bottom of the 3rd over - 0 runs, 1 hit, 0 errors, 1 left on base; Great Falls 1 - Fargo 1 |
TOP OF THE 4TH |
Great Falls Voyagers batting - Pitching for Fargo Brewmasters : RHP Alex Maldonado
|
Batting: SHB Gerald Young
|
0-0: Called Strike 0-1: DOUBLE (Line Drive, 89D, EV 104.4 MPH)
|
Batting: LHB John Yari
|
0-0: Called Strike 0-1: Called Strike 0-2: Reached on error, E4 (Groundball, 4, EV 84.4 MPH) Gerald Young to third
|
Batting: RHB Anthony Notaroberto
|
0-0: Called Strike 0-1: Swinging Strike 0-2: Strikes out swinging
|
Batting: RHB Harvey Wilkerson
|
0-0: Ball 1-0: Foul Ball, location: 2F 1-1: Ball 2-1: Called Strike 2-2: Foul Ball, location: 2F 2-2: Strikes out swinging
|
Batting: LHB Jose Fernandez
|
0-0: Fly out, F8 (Flyball, 89D, EV 88.1 MPH)
|
Top of the 4th over - 0 runs, 1 hit, 1 error, 2 left on base; Great Falls 1 - Fargo 1 |
BOTTOM OF THE 4TH |
Fargo Brewmasters batting - Pitching for Great Falls Voyagers : LHP Randy Newman
|
Batting: RHB Dick E Scott
|
0-0: Ball 1-0: Foul Ball, location: 2F 1-1: Foul Ball, location: 2F 1-2: Foul Ball, location: 2F 1-2: Ball 2-2: Foul Ball, location: 2F 2-2: Ball 3-2: Base on Balls
|
Batting: RHB Gus Polidor
|
0-0: Ball 1-0: Ball 2-0: Called Strike 2-1: Foul Ball, location: 2F 2-2: Strikes out swinging
|
Batting: RHB Juan Picart
|
0-0: Grounds into double play, 6-4-3 (Groundball, 6, EV 81.3 MPH)
|
Bottom of the 4th over - 0 runs, 0 hits, 0 errors, 0 left on base; Great Falls 1 - Fargo 1 |
TOP OF THE 5TH |
Great Falls Voyagers batting - Pitching for Fargo Brewmasters : RHP Alex Maldonado
|
Batting: LHB Juan Villaescusa
|
0-0: Ball 1-0: Foul Ball, location: 2F 1-1: SINGLE (Line Drive, 4M, EV 94.4 MPH)
|
Batting: RHB Johnny Paredes
|
0-0: Called Strike 0-1: Ball 1-1: Foul Ball, location: 2F 1-2: Foul Ball, location: 2F 1-2: Ball 2-2: Ball 3-2: SINGLE (Line Drive, 6D, EV 98.1 MPH) Juan Villaescusa to second
|
Batting: RHB Jose Gomez
|
0-0: Ball 1-0: Foul Ball, location: 2F 1-1: Ball 2-1: Swinging Strike 2-2: Foul Ball, location: 2F 2-2: Strikes out swinging
|
Batting: SHB John Kanter
|
0-0: Ball 1-0: Ball 2-0: Ball 3-0: Called Strike 3-1: Foul Ball, location: 2F 3-2: Foul Ball, location: 2F 3-2: Base on Balls Juan Villaescusa to third Johnny Paredes to second
|
Batting: SHB Gerald Young
|
0-0: Foul Ball, location: 2F 0-1: Swinging Strike 0-2: Ball 1-2: Foul Ball, location: 2F 1-2: Ball 2-2: Ball 3-2: DOUBLE (Line Drive, 9LD, EV 100.0 MPH) Juan Villaescusa scores Johnny Paredes scores John Kanter to third Runner from 3rd tries for Home, SAFE, no throw by RF
|
Batting: LHB John Yari
|
0-0: Swinging Strike 0-1: Called Strike 0-2: Ball 1-2: Ground out 4-3 (Groundball, 4, EV 101.3 MPH) Gerald Young to third
|
Batting: RHB Anthony Notaroberto
|
0-0: Ball 1-0: Ground out 6-3 (Groundball, 6, EV 89.4 MPH)
|
Top of the 5th over - 3 runs, 3 hits, 0 errors, 1 left on base; Great Falls 4 - Fargo 1 |
BOTTOM OF THE 5TH |
Fargo Brewmasters batting - Pitching for Great Falls Voyagers : LHP Randy Newman
|
Batting: LHB Nunzio Bartoli
|
0-0: Foul Ball, location: 2F 0-1: Ball 1-1: Called Strike 1-2: Ball 2-2: Foul Ball, location: 2F 2-2: Strikes out swinging
|
Batting: RHB Adolph Crump
|
0-0: Ball 1-0: Ball 2-0: SINGLE (Flyball, 5D, EV 85.0 MPH)
|
Batting: RHB Randall Thorpe
|
0-0: Ball Adolph Crump is caught stealing 2nd base 2-4 1-0: Ground out 5-3 (Groundball, 5, EV 85.0 MPH)
|
Bottom of the 5th over - 0 runs, 1 hit, 0 errors, 0 left on base; Great Falls 4 - Fargo 1 |
TOP OF THE 6TH |
Great Falls Voyagers batting - Pitching for Fargo Brewmasters : RHP Alex Maldonado
|
Batting: RHB Harvey Wilkerson
|
0-0: Ground out U3 (Groundball, 3, EV 93.1 MPH)
|
Batting: LHB Jose Fernandez
|
0-0: Fly out, F8 (Line Drive, 78M, EV 94.4 MPH)
|
Batting: LHB Juan Villaescusa
|
0-0: Swinging Strike 0-1: Ball 1-1: Ball 2-1: Fly out, F9 (Flyball, 9LM, EV 98.1 MPH)
|
Top of the 6th over - 0 runs, 0 hits, 0 errors, 0 left on base; Great Falls 4 - Fargo 1 |
BOTTOM OF THE 6TH |
Fargo Brewmasters batting - Pitching for Great Falls Voyagers : LHP Randy Newman
|
Batting: SHB Angel Escobar
|
0-0: Swinging Strike 0-1: Ball 1-1: DOUBLE (Groundball, 5L, EV 102.5 MPH)
|
Batting: LHB Victor Fernandez
|
0-0: Foul Ball, location: 2F 0-1: Fly out, F8 (Line Drive, 8LM, EV 91.3 MPH)
|
Batting: RHB Forace Oxendine
|
0-0: Called Strike 0-1: Ground out 6-3 (Groundball, 56, EV 103.1 MPH)
|
Batting: RHB Dick E Scott
|
0-0: Ball 1-0: Called Strike 1-1: Fly out, F4 (Popup, 4, EV 61.3 MPH)
|
Bottom of the 6th over - 0 runs, 1 hit, 0 errors, 1 left on base; Great Falls 4 - Fargo 1 |
TOP OF THE 7TH |
Great Falls Voyagers batting - Pitching for Fargo Brewmasters : RHP Alex Maldonado
|
Batting: RHB Johnny Paredes
|
0-0: Called Strike 0-1: Fly out, F5 (Popup, 25F, EV 89.4 MPH)
|
Batting: RHB Jose Gomez
|
0-0: Ball 1-0: Fly out, F9 (Flyball, 9D, EV 76.9 MPH)
|
Batting: SHB John Kanter
|
0-0: Ball 1-0: Called Strike 1-1: Ball 2-1: Ball 3-1: Called Strike 3-2: Foul Ball, location: 2F 3-2: Foul Ball, location: 2F 3-2: Fly out, F6 (Line Drive, 6, EV 68.1 MPH)
|
Top of the 7th over - 0 runs, 0 hits, 0 errors, 0 left on base; Great Falls 4 - Fargo 1 |
BOTTOM OF THE 7TH |
Fargo Brewmasters batting - Pitching for Great Falls Voyagers : LHP Randy Newman
|
Batting: RHB Gus Polidor
|
0-0: SINGLE (Line Drive, 6MD, EV 97.5 MPH)
|
Batting: RHB Juan Picart
|
0-0: Called Strike 0-1: Ball 1-1: SINGLE (Groundball, 6D, EV 102.5 MPH) Gus Polidor to second
|
Batting: LHB Nunzio Bartoli
|
0-0: Ball 1-0: Fly out, F5 (Popup, 5, EV 75.0 MPH)
|
Batting: RHB Adolph Crump
|
0-0: Called Strike 0-1: Ball 1-1: Fly out, F8 (Flyball, 8RM, EV 89.4 MPH)
|
Batting: RHB Randall Thorpe
|
0-0: Swinging Strike 0-1: Called Strike 0-2: Ball Wild Pitch! Gus Polidor to third Juan Picart to second 1-2: Fly out, F3 (Popup, 3SF, EV 68.8 MPH)
|
Bottom of the 7th over - 0 runs, 2 hits, 0 errors, 2 left on base; Great Falls 4 - Fargo 1 |
TOP OF THE 8TH |
Great Falls Voyagers batting - Pitching for Fargo Brewmasters : RHP Alex Maldonado
|
Batting: SHB Gerald Young
|
0-0: Called Strike 0-1: Ball 1-1: Called Strike 1-2: Ball 2-2: SINGLE (Groundball, 4MD, EV 95.6 MPH)
|
Batting: LHB John Yari
|
0-0: Ball 1-0: Ball Gerald Young steals 2nd base (no throw) 2-0: Intentional Walk
|
Batting: RHB Anthony Notaroberto
|
0-0: Ball 1-0: Ground out 3-1 (Groundball, 13, EV 81.3 MPH) Gerald Young to third John Yari to second
|
Batting: RHB Harvey Wilkerson
|
0-0: Called Strike 0-1: Swinging Strike 0-2: Ball 1-2: Ball 2-2: Reached on error, E6 (Groundball, 6, EV 84.4 MPH) Gerald Young scores John Yari to third
|
Pitching: LHP Joaquin Lara
|
|
Batting: LHB Jose Fernandez
|
0-0: Ball 1-0: Fly out, F8 (Flyball, 8RS, EV 88.8 MPH)
|
Batting: LHB Juan Villaescusa
|
0-0: Ball 1-0: Ball 2-0: Called Strike 2-1: Called Strike 2-2: Strikes out swinging
|
Top of the 8th over - 1 run, 1 hit, 1 error, 2 left on base; Great Falls 5 - Fargo 1 |
BOTTOM OF THE 8TH |
Fargo Brewmasters batting - Pitching for Great Falls Voyagers : LHP Randy Newman
|
Batting: SHB Angel Escobar
|
0-0: SINGLE (Flyball, 78S, EV 86.3 MPH)
|
Batting: LHB Victor Fernandez
|
0-0: Fly out, F9 (Flyball, 89D, EV 87.5 MPH)
|
Batting: RHB Forace Oxendine
|
0-0: Ball 1-0: Ball 2-0: Called Strike 2-1: Ball 3-1: Called Strike 3-2: Foul Ball, location: 2F 3-2: SINGLE (Groundball, P, EV 88.8 MPH) (infield hit) Angel Escobar to second
|
Batting: RHB Dick E Scott
|
0-0: Ball 1-0: Foul Ball, location: 2F 1-1: SINGLE (Groundball, 56, EV 89.4 MPH) (infield hit) Angel Escobar to third Forace Oxendine to second
|
Batting: RHB Gus Polidor
|
0-0: Swinging Strike 0-1: Ball 1-1: Ball 2-1: Ball 3-1: Fly out, F3 (Line Drive, 3, EV 70.0 MPH)
|
Pitching: RHP Brian Roerden
|
|
Batting: RHB Juan Picart
|
0-0: Foul Ball, location: 2F 0-1: Swinging Strike 0-2: Fly out, F7 (Line Drive, 7, EV 90.0 MPH)
|
Bottom of the 8th over - 0 runs, 3 hits, 0 errors, 3 left on base; Great Falls 5 - Fargo 1 |
TOP OF THE 9TH |
Great Falls Voyagers batting - Pitching for Fargo Brewmasters : LHP Joaquin Lara
|
Batting: RHB Johnny Paredes
|
0-0: Foul Ball, location: 2F 0-1: Fly out, F8 (Flyball, 78M, EV 90.6 MPH)
|
Batting: RHB Jose Gomez
|
0-0: Ball 1-0: Ball 2-0: Called Strike 2-1: Called Strike 2-2: Ground out 1-3 (Groundball, 13, EV 70.6 MPH)
|
Batting: SHB John Kanter
|
0-0: Ball 1-0: Fly out, F2 (Popup, 23F, EV 91.3 MPH)
|
Top of the 9th over - 0 runs, 0 hits, 0 errors, 0 left on base; Great Falls 5 - Fargo 1 |
BOTTOM OF THE 9TH |
Fargo Brewmasters batting - Pitching for Great Falls Voyagers : RHP Brian Roerden
|
Batting: LHB Nunzio Bartoli
|
0-0: Swinging Strike 0-1: Called Strike 0-2: Foul Ball, location: 2F 0-2: Strikes out swinging
|
Batting: RHB Adolph Crump
|
0-0: Ball 1-0: Foul Ball, location: 2F 1-1: Foul Ball, location: 2F 1-2: Ball 2-2: Fly out, F1 (Line Drive, P, EV 70.0 MPH)
|
Batting: RHB Randall Thorpe
|
0-0: Ball 1-0: SINGLE (Line Drive, 78S, EV 88.8 MPH)
|
Batting: SHB Angel Escobar
|
0-0: Foul Ball, location: 2F 0-1: Foul Ball, location: 2F 0-2: Foul Ball, location: 2F 0-2: SINGLE (Line Drive, 4D, EV 99.4 MPH) Randall Thorpe to second
|
Batting: LHB Victor Fernandez
|
0-0: Foul Ball, location: 2F 0-1: 3-RUN HOME RUN (Flyball, 9LD, EV 91.9 MPH), Distance : 346 ft
|
Pitching: RHP Donald Fenton
|
|
Now in LF: Mac Powers
|
|
Pinch Hitting: LHB Bill Englehart
|
0-0: Ball 1-0: Called Strike 1-1: Called Strike 1-2: Foul Ball, location: 2F 1-2: Fly out, F6 (Popup, 6D, EV 59.4 MPH)
|
Bottom of the 9th over - 3 runs, 3 hits, 0 errors, 0 left on base; Great Falls 5 - Fargo 4 |
|